 Dungeon Crawl Stone Soup version 0.22-a0-282-gdd34a7d (webtiles) character file.

2846 tilp the Infuser (level 9, 0/74 HPs)
             Began as a Black Draconian Skald on Mar 17, 2018.
             Was an Initiate of Makhleb.
             Killed themself with a badly aimed orb of electricity (13 damage)
             ... in the Ecumenical Temple.
             The game lasted 00:27:51 (9743 turns).

tilp the Infuser (Black Draconian Skald)            Turns: 9743, Time: 00:27:52

Health: 0/74       AC:  7    Str: 17    XL:     9   Next: 46%
Magic:  11/15      EV: 13    Int: 14    God:    Makhleb [......]
Gold:   291        SH:  0    Dex: 10    Spells: 13/16 levels left

rFire    . . .     SeeInvis .   b - +1 dagger (venom)
rCold    . . .     Gourm    .   (no shield)
rNeg     . . .     Faith    +   (armour unavailable)
rPois    .         Spirit   .   (helmet restricted)
rElec    +         Reflect  .   (no cloak)
rCorr    .         Harm     .   (no gloves)
MR       .....                  (no boots)
Stlth    ++........             g - amulet of faith
HPRegen  0.22/turn              (no ring)
MPRegen  0.14/turn              (no ring)

@: no status effects
A: breathe lightning, unfitting armour, electricity resistance, cold-blooded, AC
+7
a: Breathe Lightning, Renounce Religion


You were in the Ecumenical Temple.
You worshipped Makhleb.
Makhleb was noncommittal.
You were hungry.

You visited 2 branches of the dungeon, and saw 8 of its levels.
You also visited: Sewer.

You collected 291 gold pieces.

Inventory:

Hand Weapons
 a - a +1 short sword of flaming
 b - a +1 dagger of venom (weapon)
 r - a +0 hunting sling
 z - a cursed -3 dagger
Missiles
 i - 281 stones
 m - 38 sling bullets
 E - 2 exploding tomahawks (quivered)
Jewellery
 g - an amulet of faith (around neck)
 s - an uncursed amulet of the acrobat
 v - a +3 ring of dexterity {unknown}
Wands
 p - a wand of polymorph (15)
 t - a wand of acid (15)
Scrolls
 k - a scroll of enchant weapon {unknown}
 l - a scroll of blinking
 o - 4 scrolls of fear
 q - 7 scrolls of teleportation
 x - a scroll of fog {unknown}
 y - 2 scrolls of magic mapping
 A - 3 scrolls of remove curse
 C - a scroll of silence {unknown}
 F - a scroll of vulnerability {unknown}
Potions
 d - a potion of degeneration {unknown}
 e - a potion of agility {unknown}
 f - 2 potions of curing
 h - 5 potions of mutation
 j - 2 potions of magic {unknown}
 n - 3 potions of heal wounds {unknown}
 u - 2 potions of might {unknown}
 w - 2 potions of haste {unknown}
 B - a potion of resistance {unknown}
Comestibles
 c - 9 rations
 D - 5 chunks of flesh


   Skills:
 - Level 5.1 Fighting
 - Level 6.1 Short Blades
 - Level 4.0 Dodging
 - Level 4.4 Stealth
 - Level 4.0 Spellcasting
 - Level 8.0 Charms
 + Level 0.9 Invocations


You had 13 spell levels left.
You knew the following spells:

 Your Spells              Type           Power        Failure   Level  Hunger
a - Infusion              Chrm           ####         1%          1    None
b - Shroud of Golubria    Chrm/Tloc      ##........   5%          2    ##.....


Dungeon Overview and Level Annotations

Branches:
Dungeon (7/15)             Temple (1/1) D:7

Altars:
Ashenzari
Cheibriados
Dithmenos
Fedhas
Gozag
Kikubaaqudgha
Makhleb
Nemelex Xobeh
Qazlal
Ru
Sif Muna
Trog
Uskayaw
Vehumet
Wu Jian
Xom
Yredelemnul

Shops:
D:6 %


Innate Abilities, Weirdness & Mutations

You can breathe wild blasts of lightning.
Your glossy black scales are hard. (AC +7)
You cannot fit into any form of body armour.
You are resistant to electric shocks. (rElec)
You are cold-blooded and may be slowed by cold attacks.


Message History

Makhleb accepts your kill.
Training target 4.0 for Stealth reached!
Your Stealth skill increases to level 4!
You need to enable at least one skill for training.
There is a staircase to the Ecumenical Temple here.
Unknown command.
It was a potion of curing.
You feel better. The howler monkey barely misses you.
The howler monkey hits you.
* * * LOW HITPOINT WARNING * * *
The howler monkey misses you.
You climb downwards.
Welcome back to the Ecumenical Temple!
There is a staircase back to the Dungeon here.
You breathe a wild blast of lightning!
You hear a mighty clap of thunder!
The bolt of lightning hits the howler monkey.
You kill the howler monkey!
Makhleb accepts your kill.
The tree burns like a torch!
The orb of electricity explodes!
The orb of electricity engulfs you! You resist.
You die...

♣♣♣♣♣ ♣...♣♣ ♣♣♣♣♣
.....♣ ♣♣...♣♣
.._..♣ ♣♣♣♣.....♣♣
.....♣ ♣♣.......@.♣
....♣♣♣♣.♣♣§.....♣♣
.♣♣♣♣♣P.♣♣♣♣♣...♣♣
.♣ ♣♣.♣ ♣♣♣♣♣
♣♣♣♣♣♣.♣♣
..♣♣..♣♣♣♣♣♣♣♣
.P..♣♣♣♣♣....♣
♣♣♣♣.♣♣♣.....♣ ♣
♣..♣..._..♣


There were no monsters in sight!

Vanquished Creatures
  2 hippogriffs
  A spriggan (D:7)
  An ice beast (D:5)
  2 sky beasts
  7 ogres
  3 centaurs
  2 big kobolds (Sewer)
  A bullfrog (D:6)
  2 scorpions
  3 wights (D:6)
  2 howler monkeys
  A quasit (D:6)
  2 crimson imps
  A jelly (D:7)
  3 orc priests (D:7)
  4 orc wizards
  A centaur skeleton (D:6)
  5 gnolls
  12 adders
  2 river rats (Sewer)
  2 shadow imps
  3 oozes
  An adder zombie (D:7)
  2 adder skeletons (D:6)
  10 worms
  3 dart slugs
  3 leopard geckos
  19 orcs
  3 giant cockroaches
  6 hobgoblins
  10 jackals
  16 kobolds
  2 quokkas
  2 ball pythons (Sewer)
  A ball python zombie (D:5)
  3 bats
  4 frilled lizards
  7 goblins
  A leopard gecko skeleton (D:5)
  A quokka skeleton (D:5)
  2 quokka zombies
  12 rats
170 creatures vanquished.

Notes
Turn   | Place    | Note
-------+----------+-------------------------------------------
     0 | D:1      | tilp the Draconian Skald began the quest for the Orb.
     0 | D:1      | Reached XP level 1. HP: 17/17 MP: 3/3
    25 | D:1      | Reached skill level 3 in Charms
   242 | D:1      | Reached XP level 2. HP: 12/24 MP: 0/5
  1057 | D:2      | Reached XP level 3. HP: 27/29 MP: 3/6
  1090 | D:2      | Reached skill level 4 in Charms
  1537 | D:2      | Reached XP level 4. HP: 36/36 MP: 2/7
  1905 | D:2      | Learned a level 2 spell: Shroud of Golubria
  2043 | D:3      | Reached skill level 5 in Charms
  2608 | D:3      | Reached XP level 5. HP: 31/41 MP: 0/8
  3021 | D:4      | Noticed a hornet
  3067 | D:4      | Found an ancient bone altar of Kikubaaqudgha.
  3067 | D:4      | Noticed an ogre
  3234 | D:4      | Killed an ogre
  3234 | D:4      | Reached skill level 6 in Charms
  3234 | D:4      | Reached XP level 6. HP: 27/48 MP: 2/9
  3314 | D:4      | Found an ornate altar of the Wu Jian Council.
  4045 | D:4      | Your scales start taking on a glossy black colour.
  4045 | D:4      | Reached XP level 7. HP: 35/55 MP: 4/10
  4045 | D:4      | Gained mutation: You are resistant to electric shocks. (rElec) [Black Draconian growth]
  4155 | D:4      | You fall through a shaft for 2 floors!
  4429 | D:6      | Reached skill level 5 in Short Blades
  4585 | D:6      | Found a shattered altar of Ashenzari.
  4602 | D:5      | Entered Level 5 of the Dungeon
  4812 | D:5      | Noticed a hippogriff
  4834 | D:5      | Killed a hippogriff
  4834 | D:5      | Reached XP level 8. HP: 39/67 MP: 0/11
  4884 | D:5      | Reached skill level 5 in Fighting
  5121 | D:5      | Found a glowing drain.
  5130 | Sewer    | Entered a sewer
  6681 | D:5      | Reached skill level 7 in Charms
  7340 | D:6      | Found Kiwoaxep's Food Boutique.
  7392 | D:6      | Reached skill level 8 in Charms
  8164 | D:6      | Reached XP level 9. HP: 43/74 MP: 6/13
  8221 | D:6      | Found a sacrificial altar of Ru.
  8286 | D:6      | Found a blossoming altar of Fedhas.
  9032 | D:7      | Found a sparkling altar of Nemelex Xobeh.
  9242 | D:7      | Found a staircase to the Ecumenical Temple.
  9275 | Temple   | Entered the Ecumenical Temple
  9599 | Temple   | Became a worshipper of Makhleb the Destroyer
  9738 | D:7      | HP: 2/74 [spriggan baker/stone (12)]
  9743 | Temple   | Killed themself with a badly aimed orb of electricity

Vault maps used:
D:1:      dpeg_arrival_orchard
D:2:      cheibrodos_old_hovel
D:4:      overflow_temple_1_default, overflow_temple_1_default, first_ration
D:5:      cheibrodos_sewer_entry_bend
D:6:      cheibrodos_ashenzari_chains, fedhas_altar_4,
          nicolae_ru_sacrificial_ziggurat, serial_shops, shop, dk_vineyard_1
D:7:      zin_treasury, lemuel_crystal_altar, minmay_temple_entry_trees,
          the_bakery, nemelex_dance_club_becter, uniq_prince_ribbit1
Temple:   minmay_temple_forest_path
Sewer:    sewer_co_15_rooms

Skill      XL: |  1  2  3  4  5  6  7  8  9 |
---------------+----------------------------+-----
Charms         | 3 4 5 6 8 |  8.0
Short Blades   | 4 6 |  6.1
Fighting       | 4 5 |  5.1
Dodging        | 4 |  4.0
Spellcasting   | 4 |  4.0
Stealth        | 4 |  4.4
Invocations    | |  0.9

Action                   |  1- 3 |  4- 6 |  7- 9 || total
-------------------------+-------+-------+-------++-------
Melee: Short sword       |   107 |       |    75 ||   182
       Tailslap          |     9 |    16 |    40 ||    65
       Dagger            |     5 |   167 |   304 ||   476
Throw: Stone             |       |    10 |    26 ||    36
       Tomahawk          |       |       |     2 ||     2
 Cast: Infusion          |    13 |    22 |    50 ||    85
       Shroud of Golubri |       |    15 |    54 ||    69
 Abil: Breathe Lightning |       |       |     4 ||     4
  Use: Scroll            |       |     1 |     9 ||    10
       Potion            |       |       |     1 ||     1
 Stab: Sleeping          |     1 |       |       ||     1
  Eat: Chunk             |     2 |    10 |    20 ||    32
       Ration            |       |       |     1 ||     1
Armor: Skin              |    31 |    27 |    73 ||   131
Dodge: Dodged            |    67 |    82 |   195 ||   344

Table legend:
 A = Spawn XP
 B = Non-spawn XP
 C = Spawn XP percentage of total XP
 D = Spawn monster count
 E = Non-spawn monster count
 F = Spawn count percentage of total count
 G = Total turns spent on level
                    A         B        C        D         E        F      G
               +---------+---------+-------+---------+---------+-------+---------
         Total |       0 |    4066 |   0.0 |       0 |     170 |   0.0 |  9743
               +---------+---------+-------+---------+---------+-------+---------
           D:1 |       0 |      40 |   0.0 |       0 |      23 |   0.0 |  1081
           D:2 |       0 |      99 |   0.0 |       0 |      26 |   0.0 |   827
           D:3 |       0 |      87 |   0.0 |       0 |      14 |   0.0 |  1006
           D:4 |       0 |     515 |   0.0 |       0 |      16 |   0.0 |  1444
           D:5 |       0 |     924 |   0.0 |       0 |      22 |   0.0 |  1581
           D:6 |       0 |     920 |   0.0 |       0 |      17 |   0.0 |  1766
           D:7 |       0 |    1124 |   0.0 |       0 |      27 |   0.0 |   893
        Temple |       0 |      54 |   0.0 |       0 |       1 |   0.0 |   363
         Sewer |       0 |     303 |   0.0 |       0 |      24 |   0.0 |   782
               +---------+---------+-------+---------+---------+-------+---------
